 Dungeon Crawl Stone Soup version 0.31-a0-1009-g454b1f1e0a (webtiles) character file.

Game seed: 2046506236759283606

56 Nedwor the Cutter (level 3, -2/28 HPs)
             Began as a Demonspawn Gladiator on Nov 14, 2023.
             Slain by a quokka (4 damage)
             ... on level 2 of the Dungeon.
             The game lasted 00:01:13 (991 turns).

Nedwor the Cutter (Demonspawn Gladiator)             Turns: 991, Time: 00:01:13

Health: -2/28      AC:  4    Str: 14    XL:     3   Next: 69%
Magic:  3/3        EV: 12    Int:  9    God:
Gold:   80         SH:  0    Dex: 16    Spells: 2/2 levels left

rFire   . . .        a - +0 rapier
rCold   . . .        (no shield)
rNeg    . . .        b - +0 leather armour
rPois   .            c - +0 helmet
rElec   .            (no cloak)
rCorr   .            (no gloves)
SInv    .            (no boots)
Will    .....        (no amulet)
Stlth   +            (no ring)
HPRegen 0.24/turn    (no ring)
MPRegen 0.16/turn

%: no passive effects
@: no status effects
A: magic regeneration
a: no special abilities


You were on level 2 of the Dungeon.
You visited 1 branch of the dungeon, and saw 2 of its levels.

You collected 80 gold pieces.

Inventory:

Hand Weapons
 a - a +0 rapier (weapon)
Missiles
 d - 3 throwing nets (quivered)
 e - 7 javelins
Armour
 b - a +0 leather armour (worn)
 c - a +0 helmet (worn)
Scrolls
 f - 2 scrolls of identify {unknown}
 i - a scroll of blinking {unknown}
 k - 2 scrolls of teleportation {unknown}
 n - a scroll of revelation {unknown}
 p - a scroll of silence {unknown}
Potions
 g - 2 potions of mutation {unknown}
 h - 2 potions of lignification {unknown}
 j - a potion of resistance {unknown}
 l - a potion of heal wounds {unknown}
 m - a potion of brilliance {unknown}
 o - a potion of attraction {unknown}
 q - a potion of enlightenment {unknown}


   Skills:
 + Level 2.5 Fighting
 * Level 3.6 Short Blades
 - Level 1.7 Throwing
 + Level 3.1 Dodging


You had 2 spell levels left.
You didn't know any spells.
Your spell library contained the following spells:

 Spells                   Type           Power      Damage    Failure   Level
 Frozen Ramparts          Ice            0%         1d1       83%         3
 Petrify                  Tmut/Erth      0%         N/A       99%         4
 Metabolic Englaciation   Hex/Ice        0%         N/A       100%        5


Dungeon Overview and Level Annotations

Branches:
Dungeon (2/15)

Altars:
Nemelex Xobeh


Innate Abilities, Weirdness & Mutations

You regenerate magic rapidly.


Message History

You are too injured to fight recklessly!
You are too injured to fight recklessly!
You are too injured to fight recklessly!
You are too injured to fight recklessly!
You are too injured to fight recklessly!
You are too injured to fight recklessly!
Unknown command.
You are too injured to fight recklessly!
Unknown command.
You are too injured to fight recklessly!
Unknown command.
You are too injured to fight recklessly!
Unknown command.
You are too injured to fight recklessly!
Unknown command.
You are too injured to fight recklessly!
The quokka bites you but does no damage.
The quokka attacks as it pursues you! The quokka barely misses you.
The quokka bites you but does no damage.
The quokka attacks as it pursues you! The quokka misses you.
The quokka bites the plant.
The plant begins to die.
The quokka twitches its whiskers.
The quokka bites you but does no damage.
The quokka bites you.
You closely miss the quokka.
The quokka bites you but does no damage.
The quokka bites you.
* * * LOW HITPOINT WARNING * * *
The quokka bites you but does no damage.
You hit the plant.
The plant begins to die.
The plant is lightly damaged.
The quokka closely misses you. The quokka barely misses you.
The quokka closely misses you.
You hit the quokka but do no damage. The quokka barely misses you.
The quokka misses you. x2; The gnoll hits you with a +0 flail.
* * * LOW HITPOINT WARNING * * *
You puncture the plant!
The plant is lightly damaged.
A nearby plant withers and dies.
The quokka bites you.
You die...

#.................#
########..........#
#..........#
#..........# ###
##########.# ####
.. ## .. ###P.P♣P
♣♣###P .
♣♣PP♣♣.P♣♣♣..♣PP P♣
..P.P..r@P♣PP..♣ .P
~ #...#..rrg...♣P♣
♣.♣ ♣♣§
..?..$..P..♣.P♣♣
PP.♣§♣
.._...#...♣.PPP♣
♣.P♣.
..)...).....♣P.♣
♣.♣P
#...#..)...P..♣.
♣.♣
♣.♣...8..P♣...♣.♣
♣.
.....♣P.♣♣♣P.♣.P.♣
♣♣ ..♣.P..♣.
♣..♣.♣.♣ ♣.


You could see a gnoll and 3 quokkas.

Vanquished Creatures
  A gnoll (D:2)
  A worm (D:2)
  2 dart slugs (D:1)
  2 bat skeletons (D:2)
  3 endoplasms
  A giant cockroach (D:1)
  2 goblins (D:2)
  A hobgoblin (D:1)
  2 jackals (D:1)
  3 kobolds
  5 quokkas
  4 ball pythons
  2 bats (D:1)
  3 frilled lizards
  A jackal skeleton (D:2)
  A quokka zombie (D:2)
  3 rats
37 creatures vanquished.

Notes
Turn   | Place    | Note
-------+----------+-------------------------------------------
     0 | D:1      | Nedwor the Demonspawn Gladiator began the quest for the
                  | Orb.
     0 | D:1      | Reached XP level 1. HP: 16/16 MP: 1/1
   155 | D:1      | Gained mutation: You regenerate magic rapidly. [demonic
                  | ancestry]
   155 | D:1      | Reached XP level 2. HP: 22/22 MP: 2/2
   711 | D:2      | Reached XP level 3. HP: 28/28 MP: 3/3
   973 | D:2      | Found a sparkling altar of Nemelex Xobeh.
   991 | D:2      | Slain by a quokka

Illustrated notes

Levels and vault maps discovered:
D:1:      orjb1_lava_funnel, layout_loops_ring
D:2:      wad_woods_stonehenge, layout_basic, serial_undead, serial_undead_c,
          serial_undead_c, serial_undead_a, serial_undead_d

Skill      XL: |  1  2 |
---------------+-------+-----
Short Blades   | 3 |  3.6
Dodging        | 3 |  3.1
Fighting       | |  2.5
Throwing       | |  1.7

Action                     || total
---------------------------++-------
  Melee: Rapier            ||   123
         Punch             ||     1
   Stab: Sleeping          ||     3
 Armour: Leather armour    ||    69
  Dodge: Dodged            ||   111

Table legend: (Time is in decaauts)
 A = Elapsed time spent in this place.
 B = Non-inter-level travel time spent in this place.
 C = Inter-level travel time spent in this place.
 D = Time resting spent in this place.
 E = Time spent auto-exploring this place.
 F = Levels seen in this place.
 G = Mean time per level.
                   A        B        C        D        E       F      G
               +--------+--------+--------+--------+--------+-----+--------+
         Total |    996 |    975 |     21 |      0 |    719 |   2 |  498.0 |
       Dungeon |    996 |    975 |     21 |      0 |    719 |   2 |  498.0 |
               +--------+--------+--------+--------+--------+-----+--------+

Top non-repeatable levels by time:
     D:1: 674 daAuts
     D:2: 321 daAuts
